 Dungeon Crawl Stone Soup version 0.27.1-34-g3ba077fa99 (webtiles) character file.

Game seed: 14194164438483328484

55 Eitelfritz the Poker (level 3, 0/28 HPs)
             Began as a Merfolk Gladiator on Jan 20, 2022.
             Succumbed to an adder's poison
             ... on level 2 of the Dungeon.
             The game lasted 00:03:29 (1299 turns).

Eitelfritz the Poker (Merfolk Gladiator)            Turns: 1299, Time: 00:03:29

Health: 0/28       AC:  4    Str: 12 (14) XL:     3   Next: 93%
Magic:  3/3        EV: 13    Int:  5 (8)  God:
Gold:   34         SH:  0    Dex: 13 (15) Spells: 2/2 levels left

rFire    . . .     SeeInvis .   a - +0 trident
rCold    . . .     Faith    .   (no shield)
rNeg     . . .     Spirit   .   b - +0 leather armour
rPois    .         Reflect  .   c - +0 helmet
rElec    .         Harm     .   (no cloak)
rCorr    .         Rampage  .   (no gloves)
Will     .....                  (no boots)
Stlth    +.........             (no amulet)
HPRegen  0.09/turn              (no ring)
MPRegen  0.08/turn              (no ring)

@: lethally poisoned (0 -> -3)
A: (nimble swimmer 2), mertail
a: no special abilities


You were on level 2 of the Dungeon.
You visited 1 branch of the dungeon, and saw 2 of its levels.

You collected 34 gold pieces.

Inventory:

Hand Weapons
 a - a +0 trident (weapon)
Missiles
 d - 4 throwing nets (quivered)
Armour
 b - a +0 leather armour (worn)
 c - a +0 helmet (worn)
Scrolls
 e - a scroll of fog {unknown}
Potions
 f - a potion of degeneration


   Skills:
 + Level 2.6 Fighting
 + Level 5.4 Polearms
 + Level 2.0 Throwing
 + Level 0.8 Armour
 + Level 4.6 Dodging
 + Level 0.7 Stealth


You had 2 spell levels left.
You didn't know any spells.
Your spell library contained the following spells:

 Spells                   Type           Power      Damage    Failure   Level
 Gell's Gravitas          Tloc           0%         N/A       90%         3
 Teleport Other           Tloc           0%         N/A       90%         3
 Dispersal                Tloc           0%         N/A       100%        6


Dungeon Overview and Level Annotations

Branches:
Dungeon (2/15)

Altars:


Innate Abilities, Weirdness & Mutations

((You are quick and stealthy near water. (Stealth+, EV+, Speed+++)))
Your lower body shifts to a powerful aquatic tail in water.


Message History

The quokka barely misses you. The quokka closely misses you.
You hit the quokka but do no damage.
The quokka is almost dead.
The quokka bites you.
You puncture the quokka!
You kill the quokka!
The adder bites you.
You are poisoned.
The adder poisons you!
You barely miss the adder.
You feel sick. The adder bites you.
You hit the adder but do no damage.
You feel sick. The adder barely misses you. The adder bites you.
You barely miss the adder.
You feel sick. The adder bites you but does no damage.
You barely miss the adder.
You feel sick. The adder closely misses you.
You puncture the adder!
The adder is severely wounded.
You feel sick.
You are no longer poisoned.
The adder bites you.
* * * LOW HITPOINT WARNING * * *
You are lethally poisoned!
The adder poisons you! The adder barely misses you.
It was a potion of degeneration.
There was something very wrong with that liquid.
You feel weakened.
You feel dopey.
You feel clumsy.
* * * LOW HITPOINT WARNING * * *
You feel sick. The adder bites you.
* * * LOW HITPOINT WARNING * * *
You barely miss the adder.
The adder is severely wounded.
* * * LOW HITPOINT WARNING * * *
You feel sick. The adder barely misses you.
You hit the adder.
You kill the adder!
* * * LOW HITPOINT WARNING * * *
You feel sick. The rat completely misses you.
You hit the rat.
The rat is heavily wounded.
You die...

########### #.........#
#.........#
#.........##############
#.>.......'..@r.........
#.........######........
#......#########.#######
#......# ###....S#
#......# #.....###
##....## #....r#
#.##.####.....#
#.#.....#.#.#r#
####+#..####.....#


You could see a rat.

Vanquished Creatures
  2 adders (D:2)
  A dart slug (D:1)
  An endoplasm (D:1)
  2 giant cockroaches (D:2)
  6 goblins
  5 hobgoblins
  2 kobolds (D:1)
  A quokka (D:2)
  3 ball pythons (D:1)
  5 bats
  A frilled lizard (D:1)
  4 rats (D:1)
33 creatures vanquished.

Notes
Turn   | Place    | Note
-------+----------+-------------------------------------------
     0 | D:1      | Eitelfritz the Merfolk Gladiator began the quest for the
                  | Orb.
     0 | D:1      | Reached XP level 1. HP: 16/16 MP: 1/1
   165 | D:1      | Reached XP level 2. HP: 9/22 MP: 2/2
   651 | D:1      | Found a faded altar of an unknown god.
   740 | D:1      | Reached skill level 5 in Polearms
   740 | D:1      | Reached XP level 3. HP: 28/28 MP: 3/3
  1298 | D:2      | HP: 1/28 [poisoned by an adder]
  1299 | D:2      | Succumbed to an adder's poison

Illustrated notes

Levels and vault maps discovered:
D:1:      evilmike_arrival_rings, layout_basic,
          shapermc_ecumenical_altar_hornbeckon
D:2:      layout_basic, columned_hall_lemuel

Skill      XL: |  1  2 |
---------------+-------+-----
Polearms       | 5 |  5.4
Fighting       | |  2.6
Throwing       | |  2.0
Armour         | |  0.8
Dodging        | |  4.6
Stealth        | |  0.7

Action                   || total
-------------------------++-------
Melee: Trident           ||   109
  Use: Potion            ||     1
 Stab: Sleeping          ||     2
Armor: Leather armour    ||    28
Dodge: Dodged            ||    75
